AoeStats
← vignesh.689

Arena

508032304Analyzed
2v2 RM · 10d ago on Sep 20, 2026· 49m 55s· 4 players
Game mode
Random Map
Map size
Medium (4 player)
Population
200
Speed
Normal
Resources
Standard
Victory
Conquest
Starting age
Dark Age
Ending age
Imperial Age
RankedLock teamsTeams togetherTeam positionsShared explorationLock speedFull tech treeHidden civsTurbo modeCheats
Victory
Defeat
🇺🇸 Wu · United States
1067
+13
🇩🇪 Ethiopians · Germany
1023
+14
🇮🇳 Britons · India
1030
-15
🇮🇳 Persians · India
946
-12
Sid Ironside
11:43 Feudal Age
13:07 Loom
15:37 Castle Age
13:44 Horse Collar
24:26 Double-Bit Axe
25:34 Town Watch
32:17 Imperial Age
29:51 Fletching
32:07 Masonry
32:30 Bloodlines
34:03 Chemistry
36:11 Ballistics
36:13 Husbandry
35:33 Cavalier
36:22 Scale Barding Armor
37:28 Chain Barding Armor
37:18 Forging
37:43 Architecture
37:59 Conscription
37:43 Kamandaran
37:57 Squires
38:21 Gold Mining
38:43 Bow Saw
38:26 Savar
40:20 Gold Shaft Mining
40:24 Iron Casting
vignesh.689
10:40 Feudal Age
11:09 Double-Bit Axe
11:09 Horse Collar
18:10 Castle Age
17:10 Fletching
17:21 Padded Archer Armor
19:21 Bodkin Arrow
20:58 Wheelbarrow
20:03 Pikeman
26:08 Fortified Wall
28:21 Loom
28:29 Crossbowman
29:29 Leather Archer Armor
30:56 Town Watch
31:27 Hand Cart
32:42 Ballistics
35:18 Imperial Age
35:24 Arbalester
36:08 Bracer
36:38 Ring Archer Armor
36:39 Conscription
38:32 Chemistry
42:21 Heavy Scorpion
Heartbreaker
10:56 Feudal Age
14:43 Castle Age
12:42 Double-Bit Axe
12:54 Horse Collar
14:33 Loom
16:27 Bow Saw
24:30 Heavy Plow
25:16 Wheelbarrow
29:52 Imperial Age
28:51 Hand Cart
28:49 Scale Mail Armor
29:38 Squires
30:35 Forging
30:51 Fletching
31:29 Chain Mail Armor
32:42 Bodkin Arrow
33:42 Fervor
33:35 Halberdier
34:45 Gold Mining
35:36 Conscription
37:06 Bracer
37:37 Plate Mail Armor
36:41 Elite Shotel Warrior
37:35 Heavy Scorpion
39:34 Iron Casting
40:05 Gold Shaft Mining
45:54 Chemistry
47:05 Royal Heirs
48:54 Blast Furnace
thelegendaryknight1
1:52 Loom
10:49 Feudal Age
19:10 Castle Age
19:06 Double-Bit Axe
19:02 Horse Collar
19:13 Gold Mining
19:13 Stone Mining
19:13 Gold Mining
20:03 Bow Saw
19:55 Heavy Plow
21:15 Stone Shaft Mining
24:07 Fletching
25:55 Gold Shaft Mining
34:59 Imperial Age
32:02 Light Cavalry
32:52 Bloodlines
33:35 Husbandry
34:03 Padded Archer Armor
33:59 Bodkin Arrow
35:28 Wheelbarrow
36:13 Scale Barding Armor
36:19 Forging
35:36 Elite Skirmisher
37:51 Two-Man Saw
38:27 Chain Barding Armor
37:40 Heavy Hei Guang Cavalry
39:31 Chemistry
38:27 Heated Shot
39:06 Leather Archer Armor
39:19 Hand Cart
40:56 Ballistics
40:42 Bracer
40:38 Hussar
41:40 Bloodlines
42:23 Scale Mail Armor
42:59 Iron Casting
42:59 Plate Barding Armor
46:12 Elite Fire Archer
46:54 Red Cliffs Tactics
48:30 Sitting Tiger
Connection lost

Rejoining the realm…

Still unreachable

The connection could not be restored.

Session expired

The server has moved on; the page needs a fresh start.